 Dungeon Crawl Stone Soup version 0.31-a0-229-g1fc7ce93e2 (webtiles) character file.

Game seed: 12925960169075641026

123 qw the Shooter (level 4, -5/37 HPs)
             Began as a Minotaur Hexslinger on July 6, 2023.
             Slain by a gnoll
             ... wielding a +0 halberd
              (13 damage)
             ... on level 3 of the Dungeon.
             The game lasted 00:00:33 (1251 turns).

qw the Shooter (Minotaur Hexslinger)                Turns: 1251, Time: 00:00:33

Health: -5/37      AC:  6    Str: 12    XL:     4   Next: 79%
Magic:  4/4        EV: 11    Int: 10    God:
Gold:   118        SH:  0    Dex: 15    Spells: 4/5 levels left

rFire   . . .        Y - +0 hand crossbow (flame)
rCold   . . .        (no shield)
rNeg    . . .        h - +0 ring mail
rPois   +            (helmet restricted)
rElec   .            (no cloak)
rCorr   +            g - +0 pair of gloves
SInv    .            (no boots)
Will    .....        (no amulet)
Stlth   +            b - ring "Ysche" {rPois rCorr}
HPRegen 0.26/turn    (no ring)
MPRegen 0.09/turn

%: no passive effects
@: about to teleport
A: horns 2, retaliatory headbutt
a: no special abilities


You were on level 3 of the Dungeon.
You visited 1 branch of the dungeon, and saw 3 of its levels.

You collected 118 gold pieces.


Innate Abilities, Weirdness & Mutations

You have a pair of horns on your head.
You reflexively headbutt those who attack you in melee.


   Skills:
 + Level 2.3 Fighting
 - Level 5.0 Ranged Weapons
 - Level 1.1 Armour
 - Level 2.1 Dodging
 - Level 1.0 Spellcasting
 - Level 2.0 Hexes


You had 4 spell levels left.
You knew the following spells:

 Your Spells              Type           Power      Damage    Failure   Level
a - Slow                  Hex            16%        N/A       34%         1

Your spell library contained the following spells:

 Spells                   Type           Power      Damage    Failure   Level
 Inner Flame              Hex/Fire       2%         N/A       83%         3
 Portal Projectile        Hex/Tloc       4%         N/A       83%         3
 Cause Fear               Hex            2%         N/A       98%         4

Inventory:

Hand Weapons
 Y - a +0 hand crossbow of flaming (weapon)
Armour
 g - a +0 pair of gloves (worn)
 h - a +0 ring mail (worn)
Jewellery
 b - the ring "Ysche" (left hand) {rPois rCorr}
   (You found it on level 2 of the Dungeon)

   [ring of poison resistance]

   rPois:     It protects you from poison.
   rCorr:     It protects you from acid and corrosion.
Potions
 d - a potion of cancellation {unknown}
 i - a potion of haste {unknown}

Dungeon Overview and Level Annotations

Branches:
Dungeon (3/15)

Altars:

Shops:
D:3 [


Message History

A gnoll comes into view. It is wielding a +0 whip.
1241 ||| Stepping ~*~*~tactically~*~*~ (outnumbered).
You shoot a bolt. The bolt closely misses the gnoll.
The gnoll throws a throwing net.
The throwing net closely misses you.
You shoot a bolt. The bolt hits the gnoll.
The bolt burns the gnoll.
The gnoll is moderately wounded.
You hear a shout!
The gnoll hits you with a +0 flail!
You shoot a bolt. The bolt hits the gnoll.
The bolt burns the gnoll.
The gnoll is severely wounded.
The gnoll hits you from afar with a +0 halberd.
The gnoll hits you but does no damage.
The gnoll hits you from afar with a +0 halberd!
The gnoll barely misses you.
You shoot a bolt. The bolt hits the gnoll!!
The bolt burns the gnoll.
You kill the gnoll!
The gnoll closely misses you. The gnoll barely misses you.
Your Ranged Weapons skill increases to level 5!
You shoot a bolt. The bolt closely misses the gnoll.
The bolt hits the gnoll.
The bolt burns the gnoll.
The gnoll is moderately wounded.
The gnoll barely misses you. The gnoll completely misses you.
You shoot a bolt. The bolt barely misses the gnoll.
The bolt hits the gnoll!
The bolt burns the gnoll.
You kill the gnoll!
The gnoll barely misses you.
You shoot a bolt. The bolt closely misses the gnoll.
The gnoll closely misses you. x2
You shoot a bolt. The bolt closely misses the gnoll.
The gnoll barely misses you. The gnoll hits you with a +0 spear. x2
The gnoll hits you but does no damage.
1250 ||| READING scroll of teleportation.
As you read the scroll of teleportation, it crumbles to dust.
You feel strangely unstable.
The gnoll hits you from afar with a +0 halberd.
The gnoll hits you but does no damage.
You shoot a bolt.
The bolt hits the gnoll but does no damage.
The gnoll hits you from afar with a +0 halberd!
You die...

##.# .#
#.###...###)#
....#..7..#
#..7.\.7# #
#....7##.####.#.g
#...## #....g...
#.%<# #......g#
#####.#.## ##g###.#
##........###(.@)g)#
...#.....#...#######
.........#####
####.....######
#####...#.......
..........######
###########


You could see 2 gnolls.

Vanquished Creatures
  5 gnolls
  4 adders
  4 ball pythons
  4 bats
  2 endoplasms (D:1)
  4 giant cockroaches
  4 goblins
  3 hobgoblins (D:1)
  3 jackals (D:2)
  A quokka (D:2)
  3 kobolds
  3 rats
40 creatures vanquished.

Notes
Turn   | Place    | Note
-------+----------+-------------------------------------------
     0 | D:1      | qw the Minotaur Hexslinger began the quest for the Orb.
     0 | D:1      | Reached XP level 1. HP: 16/16 MP: 1/1
     0 | D:1      | 0 ||| qw: Version: 0.3-a-46-gb1f654a
     0 | D:1      | 0 ||| qw: Game counter: 1619
     0 | D:1      | 0 ||| qw: Melee chars always use a shield: true
     0 | D:1      | 0 ||| qw: God list: Okawaru
     0 | D:1      | 0 ||| qw: Allow faded altars: false
     0 | D:1      | 0 ||| qw: Do Orc after clearing Dungeon:15 true
     0 | D:1      | 0 ||| qw: Do second Lair branch before Depths: true
     0 | D:1      | 0 ||| qw: Lair rune preference: random
     0 | D:1      | 0 ||| qw: Goals: Normal
     0 | D:1      | 0 ||| PLANNING D:1-11
    69 | D:1      | Reached skill level 3 in Ranged Weapons
   105 | D:1      | Reached XP level 2. HP: 13/23 MP: 2/2
   592 | D:1      | 592 ||| UPGRADING to +0 pair of gloves.
   597 | D:1      | 597 ||| UPGRADING to +0 ring mail.
   607 | D:1      | 607 ||| DROPPING +0 robe.
   608 | D:1      | 608 ||| READING scroll labelled ZADIZX RUOBB.
   611 | D:1      | 611 ||| READING scroll labelled KARYGA XOQUN.
   612 | D:1      | 612 ||| READING scroll labelled BOTRIF LURR.
   613 | D:1      | 613 ||| READING scroll labelled ATWIDA GYICRI.
   614 | D:1      | 614 ||| READING scroll labelled AFIECO FUECAF.
   615 | D:1      | 615 ||| READING scroll labelled MONECVASUT.
   616 | D:1      | 616 ||| DROPPING scroll of poison.
   630 | D:2      | Reached XP level 3. HP: 29/29 MP: 3/3
   637 | D:2      | Identified the +1 rapier of Magnificence {holy, rF+}
   646 | D:2      | Identified the ring "Ysche" {rPois rCorr}
   668 | D:2      | 668 ||| FLEEEEING.
   669 | D:2      | 669 ||| FLEEEEING.
   670 | D:2      | 670 ||| FLEEEEING.
   671 | D:2      | 671 ||| FLEEEEING.
   672 | D:2      | 672 ||| FLEEEEING.
   673 | D:2      | 673 ||| FLEEEEING.
   674 | D:2      | 674 ||| FLEEEEING.
   675 | D:2      | 675 ||| FLEEEEING.
   676 | D:2      | 676 ||| FLEEEEING.
   677 | D:2      | 677 ||| FLEEEEING.
   678 | D:2      | 678 ||| FLEEEEING.
   683 | D:2      | Reached skill level 4 in Ranged Weapons
   684 | D:2      | HP: 5/29 [gnoll/+0 club (5)]
   688 | D:2      | Reached skill level 1 in Armour
   854 | D:2      | 854 ||| SWAPPING to +0 hand crossbow of flaming.
   855 | D:2      | 855 ||| DROPPING +1 sling.
   901 | D:2      | Reached XP level 4. HP: 36/36 MP: 4/4
   937 | D:2      | Found a faded altar of an unknown god.
  1187 | D:2      | 1187 ||| UPGRADING to ring "Ysche" {rPois rCorr}.
  1188 | D:2      | 1188 ||| READING scroll labelled OTOURA UZIZOM.
  1202 | D:3      | Found Vim Anost's Antique Armour Shoppe.
  1216 | D:3      | 1216 ||| SHOPLISTING ichor-stained ring mail (162 gold,
                  | have 108).
  1216 | D:3      | 1216 ||| SHOPLISTING pair of embroidered boots (135 gold,
                  | have 108).
  1239 | D:3      | 1239 ||| Stepping ~*~*~tactically~*~*~ (outnumbered).
  1241 | D:3      | 1241 ||| Stepping ~*~*~tactically~*~*~ (outnumbered).
  1246 | D:3      | Reached skill level 5 in Ranged Weapons
  1249 | D:3      | HP: 8/37 [gnoll/+0 spear (3)]
  1250 | D:3      | 1250 ||| READING scroll of teleportation.
  1251 | D:3      | Slain by a gnoll

Levels and vault maps discovered:
D:1:      dpeg_arrival_solitude, layout_basic
D:2:      layout_rooms, chequers_ecumenical_altar_twisty,
          nicolae_figureground_pulse
D:3:      layout_loops_ring, mainiacjoe_overflow_brackets, serial_shops,
          nicolae_shop_trees, dreamdust_princess_corridor

Skill      XL: |  1  2  3  4 |
---------------+-------------+-----
Ranged Weapons | 3 4 5 |  5.0
Fighting       | 2 |  2.3
Armour         | 1 |  1.1
Dodging        | |  2.1
Spellcasting   | |  1.0
Hexes          | |  2.0

Action                     |  1- 3 |  4- 6 || total
---------------------------+-------+-------++-------
   Fire: Sling             |    77 |       ||    77
         Hand crossbow     |     4 |    24 ||    28
    Use: Scroll            |     6 |     2 ||     8
 Armour: Robe              |     7 |       ||     7
         Ring mail         |    11 |     7 ||    18
  Dodge: Dodged            |    32 |    20 ||    52

Table legend:
 A = Non-vault XP
 B = Vault XP
 C = Vault XP percentage of total XP
 D = Non-vault monster count
 E = Vault monster count
 F = Vault count percentage of total count
                 A         B        C        D         E       F
            +---------+---------+-------+---------+---------+-------
      Total |     176 |       0 |   0.0 |      40 |       0 |   0.0
            +---------+---------+-------+---------+---------+-------
        D:1 |      31 |       0 |   0.0 |      18 |       0 |   0.0
        D:2 |      90 |       0 |   0.0 |      17 |       0 |   0.0
        D:3 |      55 |       0 |   0.0 |       5 |       0 |   0.0
            +---------+---------+-------+---------+---------+-------
